 Dungeon Crawl Stone Soup version 0.29-a0-284-gf9362112df (webtiles) character file.

Game seed: 18175260372743116759

708 siradein the Purveyor of Pain (level 7, -2/35 HPs)
             Began as a Vine Stalker Necromancer on Mar 22, 2022.
             Was an Initiate of Kikubaaqudgha.
             Slain by Pikel
             ... wielding a +1 whip of electrocution
              (8 damage)
             ... on level 4 of the Dungeon.
             The game lasted 00:15:35 (4789 turns).

siradein the Purveyor of Pain (VSNe)                Turns: 4789, Time: 00:15:35

Health: -2/35      AC:  5    Str: 23    XL:     7   Next: 67%
Magic:  0/13       EV: 12    Int: 17    God:    Kikubaaqudgha [......]
Gold:   168        SH:  0    Dex: 10    Spells: 5/13 levels left

rFire   + . .      SeeInvis .   r - +2 short sword (vamp)
rCold   . . .      Faith    .   (no shield)
rNeg    . . .      Spirit   +   x - +2 robe {Archmagi}
rPois   .          Reflect  .   (no helmet)
rElec   .          Harm     .   l - +0 cloak
rCorr   .          Rampage  .   (no gloves)
Will    .....      Archmagi +   (no boots)
Stlth   ++........              k - amulet of regeneration
HPRegen 1.71/turn               f - +6 ring of strength
MPRegen 0.13/turn               q - ring of Gofaissu {Fly rF+ Str+6 Dex-4}

@: flying, very slightly contaminated
A: fangs 2, regeneration 1, magic shield, antimagic bite, no potion heal 2
a: Renounce Religion


You were on level 4 of the Dungeon.
You worshipped Kikubaaqudgha.
Kikubaaqudgha was noncommittal.
You visited 1 branch of the dungeon, and saw 4 of its levels.

You collected 168 gold pieces.

Inventory:

Hand Weapons
 c - a +0 long sword
 r - a +2 vampiric short sword (weapon)
Missiles
 t - 4 throwing nets
Armour
 l - a +0 cloak (worn)
 v - a +0 tower shield
 x - a +2 robe of the Archmagi (worn)
Jewellery
 f - a +6 ring of strength (left hand)
 k - an amulet of regeneration (around neck)
 q - the ring of Gofaissu (right hand) {Fly rF+ Str+6 Dex-4}
   (You found it on level 3 of the Dungeon)

   [ring of protection from fire]

   Str:       It affects your strength (+6).
   Dex:       It affects your dexterity (-4).
   rF:        It protects you from fire.
   Fly:       It grants you flight.
Scrolls
 a - a scroll of immolation {unknown}
 g - a scroll of enchant weapon
 m - 2 scrolls of fear {unknown}
 n - a scroll of teleportation {unknown}
 s - 2 scrolls of enchant armour {unknown}
 u - a scroll of noise {unknown}
 w - a scroll of fog {unknown}
Potions
 b - a potion of magic
 d - a potion of resistance {unknown}
 e - a potion of mutation {unknown}
 h - 3 potions of curing
 i - a potion of invisibility
 j - 2 potions of brilliance
 o - a potion of might {unknown}


   Skills:
 + Level 2.5 Fighting
 + Level 2.1 Long Blades
 + Level 2.3 Armour
 + Level 2.9 Dodging
 - Level 2.4 Stealth
 + Level 1.0 Shields
 + Level 3.7 Spellcasting
 * Level 5.8 Necromancy


You had 5 spell levels left.
You knew the following spells:

 Your Spells              Type           Power      Damage    Failure   Level
a - Pain                  Necr           100%       1d9       1%          1
b - Vampiric Draining     Necr           34%        2d8       4%          3
c - Animate Dead          Necr           17%        N/A       14%         4

Your spell library contained the following spells:

 Spells                   Type           Power      Damage    Failure   Level
 Animate Skeleton         Necr           68%        N/A       1%          1
 Agony                    Necr           34%        N/A       38%         5
 Ozocubu's Armour         Ice            4%         N/A       43%         3
 Metabolic Englaciation   Hex/Ice        2%         N/A       99%         5
 Simulacrum               Ice/Necr       9%         N/A       100%        6


Dungeon Overview and Level Annotations

Branches:
Dungeon (4/15)
 Temple: D:4-7

Altars:
Cheibriados
Dithmenos
Kikubaaqudgha
Wu Jian

Annotations:
D:3 1 runed translucent door, mistaj's ghost, amateur GrMo
D:4 Pikel


Innate Abilities, Weirdness & Mutations

You have extremely sharp teeth.
Your natural rate of healing is unusually fast.
When hurt, damage is shared between your health and your magic reserves.
Your bite disrupts and absorbs the magic of your enemies.
Potions cannot restore your health.


Message History

The lemure hits you but does no damage.
You puncture the lemure! You bite the lemure, but do no damage.
The lemure is heavily wounded.
The lemure barely misses you.
You hit the lemure. You bite the lemure, but do no damage.
The lemure is heavily wounded.
The lemure barely misses you.
You hit the lemure. You bite the lemure. You drain its power.
You feel invigorated.
The lemure is almost dead.
The lemure hits you.
You hit the lemure. Your bite misses the lemure.
The lemure is almost dead.
The lemure hits you but does no damage.
You hit the lemure.
You kill the lemure!
That felt strangely unrewarding.
No target in view!
No target in view!
A lemure comes into view.
The lemure shouts!
Pikel shouts!
You hear a shout!
You hit Pikel but do no damage. Your bite misses Pikel.
Pikel hits you with a +1 whip of electrocution.
You are electrocuted!
You feel a surge of power!
You draw life force from Pikel.
You feel life coursing into your body.
Pikel hits you with a +1 whip of electrocution.
You feel a surge of power!
You miscast Vampiric Draining.
You are very lightly contaminated with residual magic.
Nothing appears to happen.
Pikel barely misses you.
You don't have enough magic to cast this spell.
Pikel attacks as you move away!
Pikel hits you with a +1 whip of electrocution!
You are electrocuted!
* * * LOW HITPOINT WARNING * * *
Pikel attacks as you move away!
Pikel hits you with a +1 whip of electrocution!
You die...
Kikubaaqudgha rasps: "You have failed me!
Welcome... death!"

.#.....#..#######
#....##. #
.#.#####..)#
#.......
#.....####.#.#
#.......
......5..#.#.#######
###.###.
..#...##.#.#.......#
#.# #.# #.
...#.###.#.#.#####.#
#.# #.# #.
...........#.# #.#
#.# #.# #.
.......#.....#####.#
#.# #.# #.
..#.........5.5K@..#
#.# #.# ##
.....(.(......###).#
#.# #.# #
###.########### #..#
#.# #.# #8 #.
##..####.####.#### #
#................#
#.#.###..###.#####
#.#.###..# #.#
.........# #.#
#..#.###.####5#####


You could see Pikel and 2 lemures.

Vanquished Creatures
  Sigmund (D:4)
  Eustachio (D:4)
  2 lemures (D:4)
  An iron imp (D:3)
  3 jellies (D:2)
  An orc priest (D:3)
  An iguana (D:4)
  An orc wizard (D:3)
  7 gnolls (D:4)
  5 adders
  A dart slug (D:2)
  3 orcs (D:3)
  12 endoplasms
  4 giant cockroaches
  3 hobgoblins
  3 quokkas
  6 ball pythons
  9 bats
  5 frilled lizards
  4 goblins
  14 kobolds
  5 rats
92 creatures vanquished.

Vanquished Creatures (others)
  8 toadstools (D:2)
  2 withered plants (D:3)
10 creatures vanquished.

Grand Total: 102 creatures vanquished

Notes
Turn   | Place    | Note
-------+----------+-------------------------------------------
     0 | D:1      | siradein the Vine Stalker Necromancer began the quest for
                  | the Orb.
     0 | D:1      | Reached XP level 1. HP: 9/9 MP: 4/4
   141 | D:1      | Found a faded altar of an unknown god.
   339 | D:1      | Reached XP level 2. HP: 12/14 MP: 4/6
  1339 | D:1      | Reached XP level 3. HP: 15/17 MP: 4/7
  1343 | D:1      | Learned a level 3 spell: Vampiric Draining
  1706 | D:2      | Reached skill level 1 in Fighting
  1964 | D:2      | Reached skill level 1 in Armour
  2040 | D:2      | Gained mutation: Your natural rate of healing is unusually
                  | fast. [Vine Stalker growth]
  2040 | D:2      | Reached XP level 4. HP: 8/22 MP: 1/9
  2141 | D:2      | Reached XP level 5. HP: 25/25 MP: 10/10
  2200 | D:2      | Learned a level 4 spell: Animate Dead
  2374 | D:2      | Reached skill level 1 in Long Blades
  2521 | D:3      | Reached skill level 5 in Necromancy
  2521 | D:3      | Reached XP level 6. HP: 15/30 MP: 7/11
  2618 | D:3      | Found a snail-covered altar of Cheibriados.
  2710 | D:3      | Identified the ring of Gofaissu {Fly rF+ Str+6 Dex-4}
  3055 | D:3      | Found a runed translucent door.
  3055 | D:3      | Noticed mistaj's ghost (amateur GrMo)
  3106 | D:3      | Found an ancient bone altar of Kikubaaqudgha.
  3123 | D:3      | Became a worshipper of Kikubaaqudgha
  3475 | D:4      | Noticed Sigmund
  3780 | D:4      | Found an ornate altar of the Wu Jian Council.
  3819 | D:4      | Found a shadowy altar of Dithmenos.
  4510 | D:4      | Killed Sigmund
  4511 | D:4      | Reached XP level 7. HP: 18/35 MP: 2/13
  4616 | D:4      | Noticed Eustachio
  4658 | D:4      | Killed Eustachio
  4659 | D:4      | Reached skill level 1 in Shields
  4659 | D:4      | Noticed Pikel
  4789 | D:4      | Slain by Pikel

Illustrated notes

Levels and vault maps discovered:
D:1:      amcnicky_arrival_abandoned_market, layout_rooms,
          shapermc_ecumenical_altar_mp_vishouse
D:2:      cheibrodos_fertilizer, layout_basic
D:3:      layout_basic, mainiacjoe_overflow_alcove_2, slow_altar_1,
          gammafunk_ghost_grave, serial_glass, glass_columns_c, glass_columns_b,
          hangedman_abyss_or_decor_stabs, amethyst_killhole
D:4:      layout_loops_ring, nicolae_dithmenos_shadow_blocks,
          nzn_wu_jian_council_hall, uniq_eustachio, uniq_sigmund, uniq_pikel

Skill      XL: |  1  2  3  4  5  6  7 |
---------------+----------------------+-----
Fighting       | 1 2 |  2.5
Armour         | 1 2 |  2.3
Dodging        | 2 |  2.9
Long Blades    | 1 2 |  2.1
Spellcasting   | 3 |  3.7
Necromancy     | 5 |  5.8
Shields        | 1 |  1.0
Stealth        | |  2.4

Action                   |  1- 3 |  4- 6 |  7- 9 || total
-------------------------+-------+-------+-------++-------
Melee: Long sword        |    39 |    51 |       ||    90
       Bite              |     5 |    37 |     4 ||    46
       Short sword       |       |    88 |    20 ||   108
 Cast: Pain              |    42 |    11 |     2 ||    55
       Vampiric Draining |       |     7 |     4 ||    11
  Use: Scroll            |       |     4 |       ||     4
       Potion            |       |     1 |       ||     1
 Stab: Sleeping          |       |     3 |       ||     3
       Invisible         |       |     1 |       ||     1
Armor: Robe              |     8 |       |     7 ||    15
       Leather armour    |     5 |    35 |       ||    40
Dodge: Dodged            |    32 |    97 |    19 ||   148

Table legend: (Time is in decaauts)
 A = Elapsed time spent in this place.
 B = Non-inter-level travel time spent in this place.
 C = Inter-level travel time spent in this place.
 D = Time resting spent in this place.
 E = Time spent auto-exploring this place.
 F = Levels seen in this place.
 G = Mean time per level.
                   A        B        C        D        E       F      G
               +--------+--------+--------+--------+--------+-----+--------+
         Total |   4830 |   4718 |    112 |    251 |   3295 |   4 | 1207.5 |
       Dungeon |   4830 |   4718 |    112 |    251 |   3295 |   4 | 1207.5 |
               +--------+--------+--------+--------+--------+-----+--------+

Top non-repeatable levels by time:
     D:1: 1425 daAuts
     D:3: 1272 daAuts
     D:4: 1111 daAuts
     D:2: 1021 daAuts
